 Dungeon Crawl Stone Soup version 0.31-a0-924-ge39a22a033 (webtiles) character file.

Game seed: 5452040840749784010

74 Pixllover the Digger (level 4, -1/24 HPs)
             Began as a Gargoyle Earth Elementalist on Oct 18, 2023.
             Slain by an orc
             ... wielding a +1 short sword of protection
              (5 damage)
             ... on level 3 of the Dungeon.
             The game lasted 00:03:53 (2588 turns).

Pixllover the Digger (Gargoyle Earth Elementalist)  Turns: 2588, Time: 00:03:54

Health: -1/24      AC:  5    Str: 12    XL:     4   Next: 30%
Magic:  0/8        EV: 12    Int: 17    God:
Gold:   103        SH:  0    Dex: 16    Spells: 7/8 levels left

rFire   . . .        k - staff of earth
rCold   . . .        (no shield)
rNeg    + . .        a - +0 robe
rPois   ∞            (no helmet)
rElec   +            (no cloak)
rCorr   .            (no gloves)
SInv    .            (no boots)
Will    .....        (no amulet)
Stlth   ++           i - +6 ring of dexterity
HPRegen 0.24/turn    (no ring)
MPRegen 0.11/turn

%: no passive effects
@: no status effects
A: sickness immunity, AC +3, negative energy resistance 1, electricity
resistance, torment resistance 1, petrification resistance
a: no special abilities


You were on level 3 of the Dungeon.
You visited 1 branch of the dungeon, and saw 3 of its levels.

You collected 103 gold pieces.

Inventory:

Missiles
 d - 4 javelins
 j - 7 poisoned darts
Armour
 a - a +0 robe (worn)
Magical Staves
 k - a staff of earth (weapon)
Jewellery
 i - a +6 ring of dexterity (left hand)
Scrolls
 g - 3 scrolls of identify {unknown}
 l - a scroll of silence {unknown}
 m - a scroll of vulnerability {unknown}
 n - a scroll of fear {unknown}
 o - a scroll of enchant armour {unknown}
Potions
 b - a potion of magic
 c - 2 potions of degeneration {unknown}
 e - 2 potions of curing {unknown}
 f - a potion of enlightenment {unknown}
 h - a potion of might {unknown}


   Skills:
 + Level 0.1 Fighting
 + Level 1.8 Dodging
 + Level 2.9 Stealth
 + Level 2.9 Spellcasting
 + Level 0.7 Transmutations
 + Level 4.6 Earth Magic


You had 7 spell levels left.
You knew the following spells:

 Your Spells              Type           Power      Damage    Failure   Level
a - Sandblast             Erth           54%        2d13      2%          1

Your spell library contained the following spells:

 Spells                   Type           Power      Damage    Failure   Level
 Passwall                 Tmut/Erth      14%        N/A       9%          2
 Stone Arrow              Conj/Erth      30%        3d8       21%         3
 Scorch                   Fire           4%         2d5       26%         2
 Petrify                  Tmut/Erth      17%        N/A       50%         4
 Brom's Barrelling Bould  Conj/Erth      15%        2d4       56%         4
 Flame Wave               Conj/Fire      2%         2d4       87%         4
 Summon Cactus Giant      Summ           1%         N/A       100%        6


Dungeon Overview and Level Annotations

Branches:
Dungeon (3/15)

Altars:


Innate Abilities, Weirdness & Mutations

You are immune to sickness and miasma.
Your stone body is resilient. (AC +3)
You are immune to poison.
You resist negative energy. (rN+)
You are resistant to electric shocks. (rElec)
You are resistant to unholy torment.
You are immune to petrification.


Message History

Aiming: Sandblast (safe; 2% risk of failure)
Press: ? - help, Shift-Dir - straight line, f/p - orc
Aim: an orc, wielding a +1 short sword of protection and wearing a +2 scale mail of fire resistance (lightly wounded, 85% to hit)
You feel a surge of power!
The blast of sand hits the orc.
The orc is severely wounded.
The orc barely misses you.
You barely miss the orc.
The orc is severely wounded.
The orc hits you with a +1 short sword of protection.
You barely miss the orc.
The orc is severely wounded.
The orc hits you with a +1 short sword of protection. x2
* * * LOW HITPOINT WARNING * * *
Casting: Sandblast (safe; 2% risk of failure)
Confirm with . or Enter, or press ? or * to list all spells.
You don't have enough magic to cast this spell.
The orc hits you with a +1 short sword of protection.
* * * LOW HITPOINT WARNING * * *
You see here a book of Geomancy.
Casting: Sandblast (safe; 2% risk of failure)
Confirm with . or Enter, or press ? or * to list all spells.
Aiming: Sandblast (safe; 2% risk of failure)
Press: ? - help, Shift-Dir - straight line, f/p - orc
Aim: an orc, wielding a +1 short sword of protection and wearing a +2 scale mail of fire resistance (heavily wounded, 85% to hit)
You feel a surge of power!
The blast of sand misses the orc.
The orc closely misses you.
Found a book of Geomancy.
The orc attacks as it pursues you! The orc barely misses you.
The orc attacks as it pursues you! The orc closely misses you.
The orc attacks as it pursues you!
The orc hits you with a +1 short sword of protection.
* * * LOW HITPOINT WARNING * * *
Casting: Sandblast (safe; 2% risk of failure)
Confirm with . or Enter, or press ? or * to list all spells.
Aiming: Sandblast (safe; 2% risk of failure)
Press: ? - help, Shift-Dir - straight line, f/p - orc
Aim: an orc, wielding a +1 short sword of protection and wearing a +2 scale mail of fire resistance (heavily wounded, 85% to hit)
You feel a surge of power!
The blast of sand misses the orc.
The orc hits you with a +1 short sword of protection.
You die...

#.....####.##.
#####:###........#
#.....# #.......##
#.###.# #..##..##
#.# #......##)##
###.#####....##..
#.....# #.#####.#.
#.#o#.##... ..##.
#.#@#.##.. . ...
.$ #.....:# # ..
#.##.#.# #.#.# #
... #.# ..# ###


You could see an orc.

Vanquished Creatures
  Robin (D:2)
  An adder (D:2)
  2 dart slugs
  An orc (D:3)
  2 endoplasms
  A giant cockroach (D:2)
  16 goblins
  4 hobgoblins
  2 jackals (D:1)
  2 quokkas (D:1)
  3 ball pythons
  3 frilled lizards
  3 kobolds
  6 rats
47 creatures vanquished.

Notes
Turn   | Place    | Note
-------+----------+-------------------------------------------
     0 | D:1      | Pixllover the Gargoyle Earth Elementalist began the quest
                  | for the Orb.
     0 | D:1      | Reached XP level 1. HP: 10/10 MP: 3/3
   233 | D:1      | Reached XP level 2. HP: 15/15 MP: 0/5
   445 | D:1      | Reached skill level 4 in Earth Magic
  1086 | D:1      | Found a faded altar of an unknown god.
  1236 | D:2      | Reached XP level 3. HP: 19/19 MP: 4/6
  2251 | D:2      | Noticed Robin
  2255 | D:2      | Killed Robin
  2256 | D:2      | Reached XP level 4. HP: 23/24 MP: 0/8
  2588 | D:3      | Slain by an orc

Illustrated notes

Levels and vault maps discovered:
D:1:      evilmike_arrival_come_back, layout_basic,
          shapermc_ecumenical_altar_hornbeckon
D:2:      layout_basic, serial_aquarium, aquarium_bridge_long_joined
          [aquarium_subvault_wall, aquarium_subvault_bridge,
          aquarium_subvault_balcony, aquarium_subvault_balcony,
          aquarium_subvault_wall, aquarium_subvault_bridge],
          aquarium_bridge_square [aquarium_subvault_bridge,
          aquarium_subvault_wall, aquarium_subvault_bridge,
          aquarium_subvault_bridge], aquarium_window_fake, aquarium_window_2,
          aquarium_window_corner, aquarium_window_1, aquarium_view_2f,
          aquarium_view_2b, hangedman_decor_clover_reticule, uniq_robin
D:3:      layout_loops_cross, uniq_sigmund, uniq_ijyb, uniq_grinder,
          uniq_jessica

Skill      XL: |  1  2 |
---------------+-------+-----
Earth Magic    | 4 |  4.6
Fighting       | |  0.1
Dodging        | |  1.8
Stealth        | |  2.9
Spellcasting   | |  2.9
Transmutations | |  0.7

Action                     |  1- 3 |  4- 6 || total
---------------------------+-------+-------++-------
  Melee: Unarmed           |     2 |       ||     2
         Staff             |    10 |    10 ||    20
   Cast: Sandblast         |    47 |    20 ||    67
 Armour: Robe              |    16 |    20 ||    36
  Dodge: Dodged            |    10 |    20 ||    30

Table legend: (Time is in decaauts)
 A = Elapsed time spent in this place.
 B = Non-inter-level travel time spent in this place.
 C = Inter-level travel time spent in this place.
 D = Time resting spent in this place.
 E = Time spent auto-exploring this place.
 F = Levels seen in this place.
 G = Mean time per level.
                   A        B        C        D        E       F      G
               +--------+--------+--------+--------+--------+-----+--------+
         Total |   2631 |   2573 |     58 |     91 |   2001 |   3 |  877.0 |
       Dungeon |   2631 |   2573 |     58 |     91 |   2001 |   3 |  877.0 |
               +--------+--------+--------+--------+--------+-----+--------+

Top non-repeatable levels by time:
     D:2: 1335 daAuts
     D:1: 1189 daAuts
     D:3: 106 daAuts
